 Dungeon Crawl Stone Soup version 0.27.1 (webtiles) character file.

Game seed: 5154116985277698785

6338 nxtlvl the Cleaver (level 10, -16/121 HPs)
             Began as a Black Draconian Berserker on Aug 21, 2021.
             Was a Priest of Trog.
             Demolished by an entropy weaver simulacrum (34 damage)
             ... in an ice cave.
             The game lasted 00:25:01 (2387 turns).

nxtlvl the Cleaver (Black Draconian Berserker)      Turns: 2387, Time: 00:25:02

Health: -16/121    AC:  9    Str: 19    XL:     10   Next: 64%
Magic:  10/10      EV: 14    Int:  7    God:    Trog [***...]
Gold:   435        SH:  0    Dex: 21    Spells: 9/9 levels left

rFire    . . .     SeeInvis .   a - +3 battleaxe
rCold    . . .     Faith    .   (shield currently unavailable)
rNeg     . . .     Spirit   .   (armour unavailable)
rPois    +         Reflect  .   d - +1 hat
rElec    +         Harm     .   (no cloak)
rCorr    .         Rampage  .   c - +0 pair of gloves
Will     .....                  (no boots)
Stlth    ..........             (no amulet)
HPRegen  0.30/turn              p - +6 ring of dexterity
MPRegen  0.12/turn              P - ring of poison resistance

@: berserking, slowed
A: breathe lightning, AC +7, unfitting armour, electricity resistance,
cold-blooded
a: Breathe Lightning, Renounce Religion, Berserk, Trog's Hand


You were in an ice cave.
You worshipped Trog.
Trog was most pleased with you.
You visited 2 branches of the dungeon, and saw 10 of its levels.
You also visited: Ossuary and Ice Cave.

You collected 571 gold pieces.
You spent 136 gold pieces at shops.

Inventory:

Hand Weapons
 a - a +3 battleaxe (weapon)
 t - a +0 shortbow
 x - a +1 hunting sling of freezing
Missiles
 b - 20 poisoned darts (quivered)
 u - 28 arrows
Armour
 c - a +0 pair of gloves (worn)
 d - a +1 hat (worn)
Jewellery
 p - a +6 ring of dexterity (left hand)
 w - a ring of fire
 P - a ring of poison resistance (right hand)
Wands
 e - a wand of flame (22)
Scrolls
 f - 5 scrolls of amnesia {unknown}
 h - 4 scrolls of fear {unknown}
 j - 3 scrolls of blinking
 o - a scroll of noise {unknown}
 s - a scroll of silence {unknown}
 v - a scroll of vulnerability {unknown}
Potions
 g - a potion of resistance
 i - 5 potions of curing
 k - a potion of haste
 l - a potion of brilliance
 m - a potion of might
 n - a potion of flight
 q - a potion of ambrosia {unknown}
 r - a potion of magic


   Skills:
 + Level 5.2 Fighting
 * Level 14.8 Axes
 + Level 4.2 Dodging


You had 9 spell levels left.
You didn't know any spells.
Your spell library was empty.

Dungeon Overview and Level Annotations

Branches:
Dungeon (9/15)             Temple (0/1) D:6            Lair (1/6) D:9
Ossuary (visited)           IceCv (1/1)
    Orc: D:9-12

Altars:

Shops:
D:6 *


Innate Abilities, Weirdness & Mutations

You can breathe wild blasts of lightning.
Your glossy black scales are hard. (AC +7)
You cannot fit into any form of body armour.
You are resistant to electric shocks. (rElec)
You are cold-blooded and may be slowed by cold attacks.


Message History

Trog accepts your kill.
An entropy weaver simulacrum comes into view.
Aiming: Throw Flame
Press: ? - help, Shift-Dir - straight line, f - entropy weaver simulacrum
Aim: an entropy weaver simulacrum (77% to hit)
The puff of flame hits the entropy weaver simulacrum.
The entropy weaver simulacrum melts!
The entropy weaver simulacrum is lightly damaged.
A harpy simulacrum comes into view.
Aiming: Throw Flame
Press: ? - help, Shift-Dir - straight line, f/p - entropy weaver simulacrum
Aim: an entropy weaver simulacrum (lightly damaged, 77% to hit)
The puff of flame misses the entropy weaver simulacrum.
Aiming: Throw Flame
Press: ? - help, Shift-Dir - straight line, f/p - entropy weaver simulacrum
Aim: an entropy weaver simulacrum (lightly damaged, 77% to hit)
The puff of flame hits the harpy simulacrum!
The harpy simulacrum melts!
The harpy simulacrum is heavily damaged.
The harpy simulacrum claws you. The harpy simulacrum freezes you!
You feel yourself slow down. The harpy simulacrum claws you.
The harpy simulacrum freezes you!
You slash the harpy simulacrum!
The harpy simulacrum vaporises!
Trog accepts your kill.
You slash the entropy weaver simulacrum!
The entropy weaver simulacrum is heavily damaged.
You feel yourself speed up.
The entropy weaver simulacrum misses you.
The entropy weaver simulacrum hits you but does no damage. x2
The entropy weaver simulacrum hits you.
The entropy weaver simulacrum freezes you!!
* * * LOW HITPOINT WARNING * * *
A red film seems to cover your vision as you go berserk!
You feel yourself moving faster!
You feel mighty! The entropy weaver simulacrum hits you!
* * * LOW HITPOINT WARNING * * *
The entropy weaver simulacrum freezes you!!
You feel yourself slow down.
You die...

########## ####
#.Z@##...########..#
#...##...##...#.##..##
#.....#
########..#..####
..⌠..# #..#####...
....# ###..#...#. ##..
###..#### ## ####


You could see an entropy weaver simulacrum.

Vanquished Creatures
  A manticore (D:8)
  3 cane toads (Lair:1)
  2 komodo dragons
  A rime drake (Lair:1)
  Sigmund (D:6)
  11 yaks
  A death yak simulacrum (Lair:1)
  2 harpy simulacra (IceCv)
  A black bear (D:8)
  A sky beast (D:8)
  5 wolves (Lair:1)
  A centaur (D:7)
  2 bullfrogs
  4 two-headed ogre simulacra (IceCv)
  A water moccasin zombie (D:5)
  A cane toad simulacrum (Lair:1)
  2 wyvern skeletons (D:6)
  9 wights
  A bullfrog zombie (D:6)
  A centaur zombie (D:6)
  A gnoll shaman (D:8)
  2 bullfrog skeletons (D:6)
  A centaur skeleton (D:6)
  2 iguanas (D:6)
  2 orc wizards
  A spriggan simulacrum (IceCv)
  A troll simulacrum (IceCv)
  A polar bear simulacrum (Lair:1)
  A wolf simulacrum (Lair:1)
  8 mummies (Ossuary)
  7 gnolls
  A shadow imp (D:6)
  2 white imps
  2 ufetubi
  8 orcs
  An endoplasm (D:4)
  A giant cockroach (D:2)
  A hobgoblin (D:2)
  2 ball pythons
  A bat (D:1)
  2 frilled lizards
  3 gnoll zombies (Ossuary)
  A hobgoblin zombie (Ossuary)
  A kobold (D:2)
  4 kobold zombies (Ossuary)
  A rat (D:2)
109 creatures vanquished.

Vanquished Creatures (others)
  A fungus (Lair:1)
  9 plants
10 creatures vanquished.

Grand Total: 119 creatures vanquished

Notes
Turn   | Place    | Note
-------+----------+-------------------------------------------
     0 | D:1      | nxtlvl the Draconian Berserker began the quest for the Orb.
     0 | D:1      | Reached XP level 1. HP: 19/19 MP: 1/1
   123 | D:4      | Reached XP level 2. HP: 22/26 MP: 2/2
   127 | D:4      | Found a sand-covered staircase.
   135 | Ossuary  | Entered an ossuary
   159 | Ossuary  | Reached skill level 4 in Axes
   163 | Ossuary  | Reached XP level 3. HP: 25/31 MP: 3/3
   247 | Ossuary  | Reached skill level 5 in Axes
   247 | Ossuary  | Reached XP level 4. HP: 38/38 MP: 4/4
   483 | D:5      | Entered Level 5 of the Dungeon
   495 | D:5      | Reached ** piety under Trog
   496 | D:5      | Reached skill level 6 in Axes
   496 | D:5      | Reached XP level 5. HP: 33/45 MP: 5/5
   557 | D:5      | Reached XP level 6. HP: 21/51 MP: 6/6
   561 | D:5      | Reached skill level 7 in Axes
   643 | D:5      | You fall into a shaft and drop 3 floors!
   676 | D:8      | Noticed a yak
   676 | D:8      | Noticed a yak
   676 | D:8      | Noticed a manticore
   676 | D:8      | Noticed a yak
   677 | D:8      | Noticed a yak
   696 | D:8      | Killed a yak
   697 | D:8      | Reached skill level 8 in Axes
   701 | D:8      | Killed a yak
   702 | D:8      | Your scales start taking on a glossy black colour.
   702 | D:8      | Reached XP level 7. HP: 52/57 MP: 7/7
   702 | D:8      | Gained mutation: You are resistant to electric shocks.
                  | (rElec) [Black Draconian growth]
   819 | D:8      | Reached skill level 9 in Axes
   841 | D:6      | Noticed Sigmund
   964 | D:6      | Reached XP level 8. HP: 38/63 MP: 8/8
   984 | D:6      | Found a staircase to the Ecumenical Temple.
  1055 | D:6      | Found Ebusug Uwkics's General Store.
  1068 | D:6      | Reached skill level 10 in Axes
  1070 | D:6      | Bought a scroll of blinking for 97 gold pieces
  1070 | D:6      | Bought a scroll of teleportation for 39 gold pieces
  1260 | D:6      | Killed Sigmund
  1276 | D:6      | Reached skill level 11 in Axes
  1297 | D:7      | Reached *** piety under Trog
  1342 | D:9      | Noticed a centaur warrior
  1459 | D:8      | Killed a manticore
  1460 | D:8      | Reached XP level 9. HP: 29/70 MP: 9/9
  1567 | D:8      | Reached skill level 12 in Axes
  1721 | D:9      | Found a staircase to the Lair.
  1722 | D:9      | Noticed a komodo dragon
  1733 | D:9      | Killed a komodo dragon
  1734 | D:9      | Reached skill level 13 in Axes
  1777 | Lair:1   | Entered Level 1 of the Lair of Beasts
  1808 | Lair:1   | Noticed a rime drake
  1816 | Lair:1   | Killed a rime drake
  1817 | Lair:1   | Reached skill level 14 in Axes
  1817 | Lair:1   | Reached XP level 10. HP: 35/77 MP: 10/10
  1911 | Lair:1   | Noticed a cane toad
  1919 | Lair:1   | Killed a cane toad
  1952 | Lair:1   | Found a frozen archway.
  1990 | Lair:1   | Noticed a cane toad
  2104 | Lair:1   | Noticed a cane toad
  2121 | Lair:1   | Killed a cane toad
  2124 | Lair:1   | Noticed a black mamba
  2138 | Lair:1   | Noticed a cane toad
  2145 | Lair:1   | Killed a cane toad
  2249 | IceCv    | Entered an ice cave
  2312 | IceCv    | Reached skill level 5 in Fighting
  2387 | IceCv    | Demolished by an entropy weaver simulacrum

Illustrated notes

Levels and vault maps discovered:
D:1:      dpeg_arrival_stonehenge_12_columns, layout_rooms, serial_shops, shop
D:2:      layout_basic, basic_ecumenical_altar, uniq_jessica
D:3:      layout_loops_ring, mainiacjoe_overflow_chevrons
D:4:      layout_loops_ring, enter_ossuary_1, uniq_duvessa
D:5:      layout_loops_ring
D:6:      layout_rooms, minmay_temple_entry_steel_oval, serial_shops, shop,
          uniq_sigmund
D:7:      layout_basic, uniq_harold
D:8:      layout_loops_ring
D:9:      layout_gridville, david_lair_shrubbed, david_orc_1_choice, uniq_psyche
Lair:1:   layout_chaotic_city, portal_ice_cave_entry_ice_simulacra, uniq_grum
IceCv:    ice_cave_caverns_01

Skill      XL: |  1  2  3  4  5  6  7  8  9 10 |
---------------+-------------------------------+-----
Axes           | 4 5 6 8 9 11 14 | 14.8
Dodging        | 4 |  4.2
Fighting       | 5 |  5.2

Action                   |  1- 3 |  4- 6 |  7- 9 | 10-12 || total
-------------------------+-------+-------+-------+-------++-------
Melee: Hand axe          |    55 |    45 |       |       ||   100
       Tailslap          |     6 |     5 |    17 |     5 ||    33
       Battleaxe         |       |    14 |   133 |    55 ||   202
Throw: Dart              |       |       |     7 |     3 ||    10
Invok: Berserk           |     3 |     5 |     8 |     7 ||    23
       Trog's Hand       |       |       |       |     3 ||     3
 Abil: Breathe Lightning |       |       |     1 |     2 ||     3
Evoke: Wand              |       |       |       |     3 ||     3
  Use: Scroll            |       |     4 |     1 |     2 ||     7
       Potion            |       |     1 |     3 |     1 ||     5
Armor: Skin              |    20 |     2 |    38 |     9 ||    69
Dodge: Dodged            |    30 |    17 |   100 |    38 ||   185
